 Dungeon Crawl Stone Soup version 0.23.2-32-g37ab1d4649 (webtiles) character file.

Game seed: 15621562932197781896

37 Mrkan the Skirmisher (level 3, 0/30 HPs)
             Began as a Formicid Abyssal Knight on June 26, 2019.
             Was a Believer of Lugonu.
             Slain by a gnoll
             ... wielding a +0 flail
              (4 damage)
             ... on level 2 of the Dungeon.
             The game lasted 00:02:24 (1276 turns).

Mrkan the Skirmisher (Formicid Abyssal Knight)      Turns: 1276, Time: 00:02:25

Health: 0/30       AC:  3    Str: 17    XL:     3   Next: 60%
Magic:  5/5        EV: 11    Int: 11    God:    Lugonu [**....]
Gold:   117        SH:  0    Dex: 10    Spells: 2/2 levels left

rFire    . . .     SeeInvis +   a - +1 mace
rCold    . . .     Gourm    .   (no shield)
rNeg     . . .     Faith    .   b - +0 leather armour
rPois    .         Spirit   .   (helmet unavailable)
rElec    .         Reflect  .   (no cloak)
rCorr    .         Harm     .   (no gloves)
MR       .....                  (no boots)
Stlth    +.........             (no amulet)
HPRegen  0.10/turn              (no ring)
MPRegen  0.09/turn              (no ring)

@: no status effects
A: permanent stasis, dig shafts and tunnels, four strong arms, antennae 3
a: Dig, Shaft Self, Depart the Abyss, Bend Space, Renounce Religion


You were on level 2 of the Dungeon.
You worshipped Lugonu.
Lugonu was pleased with you.
You were not hungry.

You visited 1 branch of the dungeon, and saw 2 of its levels.
You visited the Abyss 1 time.

You collected 117 gold pieces.

Inventory:

Hand Weapons
 a - a +1 mace (weapon)
Armour
 b - a +0 leather armour (worn)
Jewellery
 g - an uncursed ring of protection from cold {unknown}
 l - an uncursed ring of protection from magic {unknown}
Scrolls
 d - a scroll of noise {unknown}
 e - a scroll of random uselessness {unknown}
 i - a scroll of immolation {unknown}
 j - a scroll of enchant armour {unknown}
 k - 2 scrolls of identify {unknown}
Potions
 f - a potion of haste {unknown}
 h - a potion of berserk rage {unknown}
 m - a potion of curing {unknown}
 n - a potion of ambrosia {unknown}
Comestibles
 c - 4 rations
 o - a chunk of flesh


   Skills:
 + Level 3.7 Fighting
 * Level 3.0 Maces & Flails
 - Level 2.1 Armour
 - Level 0.8 Dodging
 + Level 2.8 Invocations


You had 2 spell levels left.
You didn't know any spells.
Your spell library was empty.

Dungeon Overview and Level Annotations

Branches:
Dungeon (2/15)

Altars:


Innate Abilities, Weirdness & Mutations

You cannot be hasted, slowed, berserked, paralysed or teleported.
You can dig through walls and to a lower floor.
Your four strong arms can wield two-handed weapons with a shield.
You have a pair of large antennae on your head. (SInv)


Message History

The gnoll hits you with a +0 flail. The gnoll closely misses you.
You closely miss the gnoll.
The gnoll is severely wounded.
The gnoll closely misses you. The gnoll hits you but does no damage.
You hit the gnoll but do no damage.
The gnoll is severely wounded.
The gnoll closely misses you. x2
You hit the gnoll but do no damage.
The gnoll is severely wounded.
The gnoll closely misses you. The gnoll hits you with a +0 flail.
* * * LOW HITPOINT WARNING * * *
You barely miss the gnoll.
The gnoll is severely wounded.
The gnoll closely misses you. x2
You hit the gnoll.
The gnoll is almost dead.
The gnoll completely misses you. The gnoll hits you with a +0 flail.
* * * LOW HITPOINT WARNING * * *
You completely miss the gnoll. The gnoll hits you with a +0 flail.
You die...

#........# #.....####
#.....#..# #.....#...
#.....#..# #..[..#.##
#.....##.# #.....#.#.
#####...).##.## ##'####.#.
#........g##..# #.........
#......##g##..###..####.##
#......##g##...#.....##...
#......##@##.#.#...#.#####
.........'g.##.......#.#
.........########....#.#
.....######..........#.#####
....g #.............#......
..... #......##..##.#######
.... #...............#
#.....#.##..#.#.#
#.....'.......#.#


You could see 4 gnolls.

Vanquished Creatures
  A dart slug (D:2)
  2 leopard geckos
  4 bats
  2 giant cockroaches (D:2)
  4 goblins
  4 hobgoblins
  3 kobolds
  7 frilled lizards
  4 rats
31 creatures vanquished.

Notes
Turn   | Place    | Note
-------+----------+-------------------------------------------
     0 | Abyss:1  | Mrkan the Formicid Abyssal Knight began the quest for the
                  | Orb.
     0 | Abyss:1  | Reached XP level 1. HP: 18/18 MP: 2/2
    79 | D:1      | Escaped the Abyss
   234 | D:1      | Reached XP level 2. HP: 19/24 MP: 3/3
   618 | D:1      | Reached ** piety under Lugonu
   720 | D:2      | Reached XP level 3. HP: 29/29 MP: 4/4
  1276 | D:2      | Slain by a gnoll

Skill      XL: |  1  2  3 |
---------------+----------+-----
Maces & Flails | 3 |  3.0
Fighting       | |  3.7
Armour         | |  2.1
Dodging        | |  0.8
Invocations    | |  2.8

Action                   || total
-------------------------++-------
Melee: Mace              ||    80
  Eat: Chunk             ||     1
Armor: Leather armour    ||    23
Dodge: Dodged            ||    52
